 Dungeon Sprint DCSS version 0.27-a0-1119-gbf574a6a6b (webtiles) character file.

Game seed: 8255842076682872339

14006 mhtbhm the Sorcerer (level 11, -1/54 HPs)
             Began as a Deep Elf Fire Elementalist on May 2, 2021.
             Was the Champion of Vehumet.
             Slain by Duvessa
             ... wielding a +2 great sword of freezing
              (20 damage)
             ... in the Dungeon (Sprint III: "The Ten Rune Challenge").
             The game lasted 00:10:14 (2760 turns).

mhtbhm the Sorcerer (Deep Elf Fire Elementalist)    Turns: 2760, Time: 00:10:15

Health: -1/54      AC:  5    Str:  5    XL:     11   Next: 83%
Magic:  14/38      EV: 15    Int: 24    God:    Vehumet [******]
Gold:   1811       SH:  0    Dex: 15    Spells: 33/53 levels left

rFire    . . .     SeeInvis .   (no weapon)
rCold    . . .     Faith    .   (no shield)
rNeg     . . .     Spirit   .   a - +2 robe {Will+}
rPois    .         Reflect  .   (no helmet)
rElec    .         Harm     .   (no cloak)
rCorr    .         Rampage  .   b - +0 pair of gloves
Will     ++...     NoTele   +   (no boots)
Stlth    +++.......             (no amulet)
HPRegen  0.18/turn              (no ring)
MPRegen  0.26/turn              (no ring)

@: no status effects
A: no striking features
a: Renounce Religion


You were in the Dungeon.
You worshipped Vehumet.
Vehumet was exalted by your worship.
You visited 1 branch You collected 1811 gold pieces.

Inventory:

Armour
 a - a +2 robe of willpower (worn)
 b - a +0 pair of gloves (worn)
Wands
 o - a wand of iceblast (5)
 q - a wand of paralysis (7)
Scrolls
 c - a scroll of immolation {unknown}
 d - a scroll of acquirement {unknown}
 j - a scroll of holy word {unknown}
 k - a scroll of identify {unknown}
 r - a scroll of amnesia
Potions
 e - a potion of haste
 f - a potion of magic
 g - 2 potions of berserk rage
 h - a potion of might
 i - a potion of brilliance {unknown}
 l - a potion of flight {unknown}
 m - 2 potions of curing
 n - 4 potions of mutation
Miscellaneous
 p - a condenser vane


   Skills:
 + Level 7.6 Dodging
 - Level 4.7 Stealth
 + Level 21.8 Spellcasting
 + Level 15.6 Conjurations
 + Level 17.9 Fire Magic
 + Level 3.2 Evocations


You had 33 spell levels left.
You knew the following spells:

 Your Spells              Type           Power      Damage    Failure   Level
a - Foxfire               Conj/Fire      100%       2x1d9     0%          1
c - Inner Flame           Hex/Fire       62%        N/A       1%          3
d - Sticky Flame          Conj/Fire      82%        2d9       0%          4
e - Fireball              Conj/Fire      41%        3d17      1%          5
f - Orb of Destruction    Conj           39%        9d13      1%          7

Your spell library contained the following spells:

 Spells                   Type           Power      Damage    Failure   Level
 Eringya's Noxious Bog    Tmut/Pois      13%        N/A       50%         6
 Magic Dart               Conj           100%       1d8       0%          1
 Searing Ray              Conj           100%       3d7       0%          2
 Conjure Flame            Conj/Fire      82%        6-21      0%          3
 Animate Skeleton         Necr           52%        N/A       1%          1
 Pain                     Necr           100%       1d9       1%          1
 Dazzling Flash           Conj/Hex       100%       N/A       1%          3
 Fulminant Prism          Conj/Hex       29%        3d14      1%          4
 Iskenderun's Mystic Bla  Conj/Tloc      59%        2d12      1%          4
 Vampiric Draining        Necr           13%        2d7       4%          3
 Animate Dead             Necr           13%        N/A       16%         4
 Agony                    Necr           26%        N/A       41%         5


Dungeon Overview and Level Annotations

Branches:
Dungeon (1/1)

Altars:
Cheibriados
Dithmenos
Elyvilon
Fedhas
Gozag
Hepliaklqana
Kikubaaqudgha
Makhleb
Nemelex Xobeh
Okawaru
Qazlal
Ru
Sif Muna
Trog
Uskayaw
Vehumet
Wu Jian
Xom
Yredelemnul
Zin
The Shining One
Beogh
Jiyva
Lugonu

Shops:
D [

Annotations:
D Duvessa


Message History

Unknown command.
Unknown command.
Casting: Fireball (safe; 1% risk of failure)
Confirm with . or Enter, or press ? or * to list all spells.
Aiming: Fireball (safe; 1% risk of failure)
Press: ? - help, Shift-Dir - straight line, f - Dowan
Aim: Dowan, wielding a +0 morningstar of distortion (heavily wounded)
The fireball explodes!
The fireball engulfs Dowan!!
Dowan is almost dead.
The fireball engulfs Duvessa!!
Duvessa is severely wounded.
Casting: Fireball (safe; 1% risk of failure)
Confirm with . or Enter, or press ? or * to list all spells.
Aiming: Fireball (safe; 1% risk of failure)
Press: ? - help, Shift-Dir - straight line, f/p - Dowan
Aim: Dowan, wielding a +0 morningstar of distortion (almost dead)
The fireball explodes!
The fireball engulfs Dowan!!
You kill Dowan!
Vehumet accepts your kill.
Vehumet offers you knowledge of Eringya's Noxious Bog.
You feel your power returning.
Duvessa screams, "No!
How DARE you!"
Duvessa goes berserk!
The fireball engulfs Duvessa!!!
Duvessa is severely wounded.
Duvessa hits you with a +2 great sword of freezing!!
Ouch! That really hurt!
Duvessa freezes you.
Unknown command.
Okay, then.
Okay, then.
Casting: Fireball (safe; 1% risk of failure)
Confirm with . or Enter, or press ? or * to list all spells.
Aiming: Sticky Flame (safe; 0% risk of failure)
Press: ? - help, Shift-Dir - straight line, f - Duvessa
Aim: Duvessa, wielding a +2 great sword of freezing and quivering curare-tipped darts (severely wounded, berserk, fast, 100% to hit)
The sticky flame hits Duvessa!
Duvessa is almost dead.
Duvessa is covered in liquid flames!
Duvessa burns!
Duvessa hits you with a +2 great sword of freezing!!
You die...

#'#####################
#..§§§'.#.'...'.#.#.#.+
#§#§§§#.#.#...##.#.#.##
'.#§§§#.#.#)).#.#.#.#.#
#.#§..#...#)..##.#.#.#
▓▓▓▓▓▓▓▓▓▓▓▓▓▓#.#.#.#.#
§.......≈≈≈...##.#.#.##
§≈≈≈≈≈≈≈≈≈♣♣P.'.#.#.#.#
♣♣♣♣♣♣♣♣♣♣♣♣PP##@#.#.##
♣♣♣##e##### .). #...#
#...# #####


You could see Duvessa (berserk, fast, burning).

Vanquished Creatures
  A deep elf master archer (D)
  Dowan (D)
  2 deep elf demonologists (D)
  A deep elf annihilator (D)
  A deep elf death mage (D)
  A deep elf high priest (D)
  Erica (D)
  A centaur warrior (D)
  A deep elf knight (D)
  2 deep elf pyromancers (D)
  4 deep elf zephyrmancers (D)
  An unseen horror (D)
  3 wandering mushrooms (D)
  A shadow (D)
  A spatial vortex (D)
  3 orc warriors (D)
  A necrophage (D)
  2 centaurs (D)
  An earth elemental (D)
  A scorpion (D)
  A water elemental (D)
  2 orc priests (D)
  A jelly (D)
  Jessica (D)
  A wizard (D)
  A necromancer (D)
  2 orc wizards (D)
  3 humans (D)
  A kobold demonologist (D)
  11 orcs (D)
  2 endoplasms (D)
  A rat (D)
57 creatures vanquished.

Vanquished Creatures (others)
  41 foxfires (D)
41 creatures vanquished.

Grand Total: 98 creatures vanquished

Notes
Turn   | Place    | Note
-------+----------+-------------------------------------------
     0 | D        | mhtbhm the Deep Elf Fire Elementalist began the quest for
                  | the Orb.
     0 | D        | Reached XP level 1. HP: 10/10 MP: 6/6
   124 | D        | Noticed Jessica
   127 | D        | Killed Jessica
   128 | D        | Reached skill level 4 in Spellcasting
   128 | D        | Reached skill level 5 in Fire Magic
   128 | D        | Reached XP level 2. HP: 15/15 MP: 3/9
   128 | D        | Reached XP level 3. HP: 19/19 MP: 3/11
   137 | D        | Learned a level 3 spell: Conjure Flame
   141 | D        | Learned a level 3 spell: Inner Flame
   260 | D        | Noticed a scorpion
   276 | D        | Killed a scorpion
   277 | D        | Reached skill level 6 in Spellcasting
   277 | D        | Reached XP level 4. HP: 15/24 MP: 7/14
   389 | D        | Learned a level 4 spell: Sticky Flame
   624 | D        | Noticed a water elemental
   628 | D        | Killed a water elemental
   629 | D        | Reached skill level 7 in Spellcasting
   629 | D        | Reached XP level 5. HP: 28/28 MP: 10/16
   667 | D        | Learned a level 5 spell: Fireball
   671 | D        | Found a radiant altar of Vehumet.
   672 | D        | Found a shimmering blue altar of Sif Muna.
   674 | D        | Reached skill level 5 in Dodging
   676 | D        | Reached skill level 8 in Spellcasting
   676 | D        | Found an ancient bone altar of Kikubaaqudgha.
   680 | D        | Became a worshipper of Vehumet
   755 | D        | Found a glowing silver altar of Zin.
   755 | D        | Found a glowing golden altar of the Shining One.
   755 | D        | Found a white marble altar of Elyvilon.
   755 | D        | Noticed a deep elf pyromancer
   758 | D        | Noticed a fire elemental
   758 | D        | Noticed a fire elemental
   765 | D        | Killed a deep elf pyromancer
   766 | D        | Reached skill level 11 in Spellcasting
   766 | D        | Reached XP level 6. HP: 12/32 MP: 12/22
   766 | D        | Reached XP level 7. HP: 14/36 MP: 13/24
   949 | D        | Found a hide-covered altar of Uskayaw.
   949 | D        | Found an iron altar of Okawaru.
   949 | D        | Found a bloodstained altar of Trog.
   949 | D        | Found an ornate altar of the Wu Jian Council.
   949 | D        | Noticed a human
   949 | D        | Noticed a human
   951 | D        | Killed a human
   951 | D        | Killed a human
   951 | D        | Reached * piety under Vehumet
   951 | D        | Offered knowledge of Freeze by Vehumet.
   952 | D        | Reached skill level 12 in Spellcasting
  1006 | D        | Found a basalt altar of Yredelemnul.
  1006 | D        | Found a shadowy altar of Dithmenos.
  1006 | D        | Found a sacrificial altar of Ru.
  1010 | D        | Reached XP level 8. HP: 34/41 MP: 15/26
  1088 | D        | Reached ** piety under Vehumet
  1092 | D        | Reached skill level 13 in Spellcasting
  1187 | D        | Found a blossoming altar of Fedhas.
  1187 | D        | Found a stormy altar of Qazlal.
  1187 | D        | Found a snail-covered altar of Cheibriados.
  1187 | D        | Found a burning altar of Makhleb.
  1187 | D        | Found a shimmering altar of Xom.
  1188 | D        | Found a hazy altar of Hepliaklqana.
  1188 | D        | Found an opulent altar of Gozag.
  1188 | D        | Found a sparkling altar of Nemelex Xobeh.
  1188 | D        | Found a corrupted altar of Lugonu.
  1188 | D        | Found a viscous altar of Jiyva.
  1194 | D        | Offered knowledge of Sandblast by Vehumet.
  1324 | D        | Noticed Erica
  1327 | D        | Killed Erica
  1328 | D        | Reached skill level 14 in Spellcasting
  1328 | D        | Reached XP level 9. HP: 35/45 MP: 12/29
  1474 | D        | Found Dazoom's Antique Armour Shoppe.
  1478 | D        | Offered knowledge of Ignite Poison by Vehumet.
  1478 | D        | Reached *** piety under Vehumet
  1479 | D        | Reached **** piety under Vehumet
  1480 | D        | Reached skill level 15 in Spellcasting
  1483 | D        | Reached ***** piety under Vehumet
  1487 | D        | Reached skill level 10 in Conjurations
  1617 | D        | Noticed a deep elf knight
  1617 | D        | Noticed a deep elf zephyrmancer
  1617 | D        | Noticed a deep elf pyromancer
  1617 | D        | Noticed a deep elf zephyrmancer
  1617 | D        | Noticed a deep elf zephyrmancer
  1627 | D        | Killed a deep elf knight
  1628 | D        | Reached skill level 16 in Spellcasting
  1628 | D        | Killed a deep elf zephyrmancer
  1630 | D        | Killed a deep elf pyromancer
  1630 | D        | Reached ****** piety under Vehumet
  1631 | D        | Reached skill level 17 in Spellcasting
  1631 | D        | Killed a deep elf zephyrmancer
  1632 | D        | Reached skill level 15 in Fire Magic
  1632 | D        | Reached skill level 1 in Evocations
  1632 | D        | Reached XP level 10. HP: 50/50 MP: 6/33
  1636 | D        | Killed a deep elf zephyrmancer
  1636 | D        | Offered knowledge of Airstrike by Vehumet.
  1770 | D        | Noticed a deep elf demonologist
  1773 | D        | Noticed a deep elf annihilator
  1775 | D        | Killed a deep elf demonologist
  1775 | D        | Offered knowledge of Bolt of Magma by Vehumet.
  1776 | D        | Reached skill level 18 in Spellcasting
  1778 | D        | Noticed a deep elf death mage
  1779 | D        | Noticed a deep elf master archer
  1807 | D        | Identified the +1 plate armour of the Salamander {Contam
                  | Fly rCorr Str+4}
  1807 | D        | Noticed a deep elf high priest
  1810 | D        | Killed a deep elf high priest
  1811 | D        | Reached skill level 19 in Spellcasting
  1904 | D        | Killed a deep elf annihilator
  1962 | D        | Identified the ring "Turgh" {Fire Will++}
  1962 | D        | Noticed a deep elf zephyrmancer
  1975 | D        | Killed a deep elf master archer
  1975 | D        | Offered knowledge of Orb of Destruction by Vehumet.
  1976 | D        | Reached skill level 20 in Spellcasting
  1976 | D        | Reached XP level 11. HP: 54/54 MP: 24/37
  1976 | D        | Identified the +1 leather armour of Bitterness {Str+4}
  1977 | D        | Noticed a deep elf demonologist
  1979 | D        | Killed a deep elf zephyrmancer
  1980 | D        | Killed a deep elf demonologist
  1983 | D        | Killed a deep elf death mage
  2163 | D        | Learned a level 7 spell: Orb of Destruction
  2222 | D        | Noticed a centaur warrior
  2224 | D        | Offered knowledge of Starburst by Vehumet.
  2224 | D        | Killed a centaur warrior
  2225 | D        | Reached skill level 21 in Spellcasting
  2225 | D        | Reached skill level 15 in Conjurations
  2754 | D        | Noticed Dowan
  2754 | D        | Noticed Duvessa
  2759 | D        | Killed Dowan
  2759 | D        | Offered knowledge of Eringya's Noxious Bog by Vehumet.
  2760 | D        | Slain by Duvessa

Illustrated notes

Levels and vault maps discovered:
D:        dungeon_sprint_mu [sprint_mu_entry_cave, sprint_mu_temple_rooms,
          sprint_mu_d1_horrors, sprint_mu_d2_genie, sprint_mu_d3_branching,
          sprint_mu_orc_legion, sprint_mu_elf_gauntlet, sprint_mu_hive_nellie,
          sprint_mu_lair_fedhas, sprint_mu_vaults_butterflies,
          sprint_mu_slime_circle, sprint_mu_swamp_cave, sprint_mu_shoals_kraken,
          sprint_mu_blade_basic, sprint_mu_crypt_fortress,
          sprint_mu_tomb_spiral, sprint_mu_vestibule_basic,
          sprint_mu_gehenna_hellfire, sprint_mu_dis_giant,
          sprint_mu_tartarus_statrot, sprint_mu_cocytus_islands, sprint_mu_zot1]

Skill      XL: |  1  2  3  4  5  6  7  8  9 10 11 |
---------------+----------------------------------+-----
Dodging        | 3 4 6 7 |  7.6
Stealth        | 3 4 |  4.7
Spellcasting   | 4 6 7 11 12 14 17 20 21 | 21.8
Fire Magic     | 5 7 8 12 13 15 16 17 | 17.9
Conjurations   | 2 3 6 7 9 11 14 15 | 15.6
Evocations     | 1 2 3 |  3.2

Action                   |  1- 3 |  4- 6 |  7- 9 | 10-12 || total
-------------------------+-------+-------+-------+-------++-------
 Cast: Foxfire           |    16 |    12 |       |     1 ||    29
       Sticky Flame      |       |     1 |     1 |     3 ||     5
       Fireball          |       |     6 |    29 |    33 ||    68
       Orb of Destructio |       |       |       |     2 ||     2
Evoke: Condenser vane    |       |       |     1 |     2 ||     3
  Use: Potion            |     2 |     1 |       |       ||     3
       Scroll            |       |     1 |       |     1 ||     2
Armor: Robe              |     1 |       |       |     1 ||     2
Dodge: Dodged            |     5 |     6 |     4 |     5 ||    20

Table legend: (Time is in decaauts)
 A = Elapsed time spent in this place.
 B = Non-inter-level travel time spent in this place.
 C = Inter-level travel time spent in this place.
 D = Time resting spent in this place.
 E = Time spent auto-exploring this place.
 F = Levels seen in this place.
 G = Mean time per level.
                   A        B        C        D        E       F      G
               +--------+--------+--------+--------+--------+-----+--------+
         Total |   2772 |   2675 |     97 |   2070 |     34 |   1 | 2772.0 |
       Dungeon |   2772 |   2675 |     97 |   2070 |     34 |   1 | 2772.0 |
               +--------+--------+--------+--------+--------+-----+--------+

Top non-repeatable levels by time:
       D: 2772 daAuts
